 Dungeon Crawl Stone Soup version 0.30.1-3-gfc49f6343a (webtiles) character file.

Game seed: 14590053908791763640

305 spardeous the Firebug (level 5, -2/38 HPs)
             Began as a Demigod Fire Elementalist on July 28, 2023.
             Slain by a gnoll bouda
             ... wielding a +0 whip
              (5 damage)
             ... on level 3 of the Dungeon.
             The game lasted 00:04:59 (4954 turns).

spardeous the Firebug (Demigod Fire Elementalist)   Turns: 4954, Time: 00:05:00

Health: -2/38      AC:  5    Str:  9    XL:     5   Next: 93%
Magic:  7/10       EV: 12    Int: 21    God:
Gold:   166        SH:  0    Dex: 14    Spells: 1/7 levels left

rFire   + . .        u - staff of air
rCold   x . .        (no shield)
rNeg    . . .        a - +0 robe
rPois   .            (no helmet)
rElec   +            r - +0 cloak
rCorr   +            (no gloves)
SInv    .            t - +1 pair of boots
Will    .....        (no amulet)
Stlth   ++           g - ring of fire
HPRegen 0.26/turn    o - ring of resist corrosion
MPRegen 0.12/turn

%: no passive effects
@: about to teleport
A: high MP 1, forlorn, divine attributes
a: no special abilities


You were on level 3 of the Dungeon.
You visited 1 branch of the dungeon, and saw 4 of its levels.

You collected 166 gold pieces.

Inventory:

Armour
 a - a +0 robe (worn)
 r - a +0 cloak (worn)
 t - a +1 pair of boots (worn)
Magical Staves
 u - a staff of air (weapon)
Jewellery
 g - a ring of fire (left hand)
 o - a ring of resist corrosion (right hand)
 w - an amulet of magic regeneration
Wands
 v - a wand of iceblast (10)
Scrolls
 h - a scroll of amnesia
 i - 4 scrolls of teleportation
 q - a scroll of noise
Potions
 b - 3 potions of magic
 d - a potion of ambrosia {unknown}
 e - a potion of lignification {unknown}
 f - a potion of invisibility {unknown}
 k - a potion of cancellation {unknown}
 m - 2 potions of attraction {unknown}
 p - a potion of berserk rage {unknown}


   Skills:
 - Level 1.7 Dodging
 - Level 1.7 Stealth
 - Level 1.7 Spellcasting
 - Level 0.8 Conjurations
 + Level 1.8 Hexes
 + Level 6.0 Fire Magic


You had one spell level left.
You knew the following spells:

 Your Spells              Type           Power      Damage    Failure   Level
a - Foxfire               Conj/Fire      96%        2x1d8     3%          1
b - Inner Flame           Hex/Fire       27%        N/A       9%          3
c - Scorch                Fire           80%        2d8       1%          2

Your spell library contained the following spells:

 Spells                   Type           Power      Damage    Failure   Level
 Volatile Blastmotes      Fire/Tloc      42%        2d13      13%         3
 Flame Wave               Conj/Fire      24%        2d8       36%         4


Dungeon Overview and Level Annotations

Branches:
Dungeon (4/15)
 Temple: D:4-7


Innate Abilities, Weirdness & Mutations

You have an increased reservoir of magic. (+10% MP)
You shall have no god before yourself.
Your divine heritage dramatically boosts your attributes as you level up.


Message History

The gnoll hits you with a +0 whip.
* * * LOW HITPOINT WARNING * * *
You take 10 damage, and have 2/38 hp.
MASSIVE DAMAGE!!
You feel better. The gnoll hits you but does no damage.
The gnoll hits you with a +0 club.
* * * LOW HITPOINT WARNING * * *
The gnoll hits you with a +0 club.
* * * LOW HITPOINT WARNING * * *
The gnoll bouda barely misses you. The gnoll barely misses you.
You regained 4 hp, and now have 6/38 hp.
As you read the scroll labelled ZOJAUSEMIST, it crumbles to dust.
You feel strangely unstable.
It was a scroll of teleportation.
The gnoll misses you. The gnoll barely misses you.
The gnoll hits you with a +0 club.
* * * LOW HITPOINT WARNING * * *
The gnoll bouda closely misses you. The gnoll misses you.
You take 2 damage, and have 4/38 hp.
You feel better. The gnoll barely misses you.
The gnoll hits you with a +0 club.
* * * LOW HITPOINT WARNING * * *
The gnoll misses you.
The gnoll bouda hits you but does no damage.
The gnoll hits you with a +0 whip.
* * * LOW HITPOINT WARNING * * *
Okay, then.
You feel better. The gnoll hits you with a +0 club.
* * * LOW HITPOINT WARNING * * *
The gnoll misses you. The gnoll hits you with a +0 club.
* * * LOW HITPOINT WARNING * * *
The gnoll bouda completely misses you. The gnoll closely misses you.
You regained 6 hp, and now have 11/38 hp.
Unknown command.
As you read the scroll labelled JOOLATHRASUN, it crumbles to dust.
The creatures around you are filled with an inner flame!
It was a scroll of immolation.
The gnoll closely misses you. The gnoll hits you with a +0 club!
* * * LOW HITPOINT WARNING * * *
The gnoll barely misses you.
The gnoll bouda hits you with a +0 whip.
You die...

####.##### #.........# .#
#.....# #.#######.# .#
#####.# #.........# .# #....#
##..############### .# #....#
#........#.....##..
#####....#
#..#.###.#.###.##.# #.......#
#§§#.# #.#.# #....#
##.#.....######gg#§# #.#.#
##.... ..............§g@g§#
#.#.## #.###
##.##.#....#####g#####.#..#
#.#<#
......#.###....§§§..##.##.#
#.#.#
..##....##...#...##.##....#
#.#.#
....#.####..[.......#######
#.#.. .##.)..........[)####
#<# #.###
.####..###.##..#.#.# #.#
#.#.. ..#
##...#.........####.#####.#.#
†.#
###.#######.#.#........#....


You could see a gnoll bouda (inner flame) and 4 gnolls.

Vanquished Creatures
  A scorpion (D:4)
  A howler monkey (D:4)
  An orc priest (D:3)
  An iguana (D:4)
  4 adders
  2 ufetubi
  3 worms
  3 dart slugs
  5 orcs
  3 ball pythons
  11 bats
  11 endoplasms
  5 giant cockroaches
  5 goblins
  7 hobgoblins
  6 kobolds
  2 quokkas
  6 frilled lizards
  6 rats
83 creatures vanquished.

Vanquished Creatures (others)
  422 foxfires
422 creatures vanquished.

Grand Total: 505 creatures vanquished

Notes
Turn   | Place    | Note
-------+----------+-------------------------------------------
     0 | D:1      | spardeous the Demigod Fire Elementalist began the quest for
                  | the Orb.
     0 | D:1      | Reached XP level 1. HP: 14/14 MP: 5/5
    54 | D:1      | Reached skill level 3 in Fire Magic
   273 | D:1      | Reached XP level 2. HP: 20/20 MP: 4/7
  1155 | D:1      | Reached XP level 3. HP: 26/26 MP: 5/8
  1247 | D:1      | Reached skill level 4 in Fire Magic
  1866 | D:2      | HP: 1/26 [poisoned by an adder]
  2728 | D:2      | Reached XP level 4. HP: 33/33 MP: 7/9
  3947 | D:3      | Reached skill level 5 in Fire Magic
  4461 | D:4      | Reached XP level 5. HP: 38/38 MP: 5/10
  4566 | D:4      | Learned a level 3 spell: Inner Flame
  4574 | D:4      | Learned a level 2 spell: Scorch
  4677 | D:4      | Reached skill level 1 in Hexes
  4700 | D:4      | Reached skill level 6 in Fire Magic
  4954 | D:3      | Slain by a gnoll bouda

Illustrated notes

Levels and vault maps discovered:
D:1:      dreamdust_arrival_sigmund_warning, layout_basic
D:2:      layout_loops_ring, basic_altar,
          shapermc_ecumenical_altar_starsandcircs
D:3:      layout_basic
D:4:      layout_cave_pools

Skill      XL: |  1  2  3  4  5 |
---------------+----------------+-----
Fire Magic     | 3 4 5 6 |  6.0
Hexes          | 1 |  1.8
Dodging        | |  1.7
Stealth        | |  1.7
Spellcasting   | |  1.7
Conjurations   | |  0.8

Action                     |  1- 3 |  4- 6 || total
---------------------------+-------+-------++-------
   Cast: Foxfire           |   138 |   122 ||   260
    Use: Scroll            |       |     6 ||     6
         Potion            |       |     6 ||     6
 Armour: Robe              |     5 |    19 ||    24
  Dodge: Dodged            |    23 |    66 ||    89
